General information
- name: BNet
- type: Ladder 1vs1/FFA
- host: Battle.net
- saver: ForGeD
map: TerenasStand
- players: 2
- length: 05:01
- speed: Fast
- version: 1.24 W3XP
- replay type: Public
» download(24 KB)
Players
team 1 (loser)
ShelbiBuchholz. (
pink | 1472 APM | 7346 actions | 04:59)
1 Demon Hunter
1 Mana Burn
» actions
| Assign group hotkey | 7 | |
| Build / train | 30 | |
| Enter build submenu | 9 | |
| Enter hero's abilities submenu | 1 | |
| Remove unit from queue | 2 | |
| Right click | 187 | |
| Select / deselect | 79 | |
| Select group hotkey | 9 | |
| Use ability | 7022 | |
7346 total
» units
» buildings
| Altar of Elders | 1 | |
| Moon Well | 6999 | |
| Hunter's Hall | 1 | |
| Ancient of War | 2 | |
7003 total
» build order
00:05 Altar of Elders
00:06 Moon Well
01:20 Hunter's Hall
01:26 Ancient of War
01:50 Moon Well
02:20 Moon Well
03:07 Ancient of War
04:38 Moon Well
04:38 Moon Well
04:38 Moon Well
04:39 Moon Well
04:39 Moon Well
04:39 Moon Well
04:39 Moon Well
04:40 Moon Well
04:40 Moon Well
04:40 Moon Well
04:40 Moon Well
04:41 Moon Well
04:41 Moon Well
04:41 Moon Well
04:41 Moon Well
04:57 Moon Well
04:58 Moon Well
04:58 Moon Well
04:58 Moon Well
04:58 Moon Well
04:59 Moon Well
04:59 Moon Well
04:59 Moon Well
team 2 (winner)
ForGeD (
purple | 213 APM | 1069 actions | 05:01)
2 Archmage
1 Summon Water Elemental
1 Brilliance Aura
» actions
| Assign group hotkey | 83 | |
| Basic commands | 7 | |
| Build / train | 36 | |
| Enter build submenu | 14 | |
| Enter hero's abilities submenu | 2 | |
| Right click | 368 | |
| Select / deselect | 141 | |
| Select group hotkey | 383 | |
| Use ability | 35 | |
1069 total
» units
» buildings
| Altar of Kings | 1 | |
| Barracks | 1 | |
| Farm | 3 | |
| Lumber Mill | 1 | |
| Scout Tower | 7 | |
| Guard Tower | 9 | |
22 total
» build order
00:02 Altar of Kings
00:20 Barracks
00:27 Farm
00:50 Farm
02:01 Lumber Mill
02:13 Farm
02:49 Scout Tower
03:00 Scout Tower
03:03 Guard Tower
03:09 Scout Tower
03:11 Scout Tower
03:27 Guard Tower
03:27 Guard Tower
03:28 Scout Tower
03:45 Guard Tower
03:45 Guard Tower
03:59 Scout Tower
04:14 Guard Tower
04:14 Guard Tower
04:26 Scout Tower
Chat log
(04:12 / All) ForGeD: hacker down lol
(04:22 / All) ForGeD: stupid noob hacker